Workbook
Name Ecco1707: Fielddefinitions!#REF!
Name Ecco1740: Fielddefinitions!#REF!
Name Ecco1756: Fielddefinitions!#REF!
Name Ecco1772: Fielddefinitions!#REF!

Sheet Change History
C1: GDSN - Data attributes healthcare
C2: Change history
A4: This document contains a mapping of GUDID attributes to the GDSN data attributes (the “Mapping”). It is provided by GS1 free of charge, as a courtesy, to industry and the solution providers supporting industry. The accuracy, completeness and correctness of the data provided to GUDID is the responsibility of the manufacturer. While GS1 is permanently undertaking efforts to keep the Mapping complete, up to date and to improve its accuracy, GS1 cannot warrant that the Mapping is accurate, complete and up to date. GS1 therefore disclaims any liability for any use of the Mapping by a manufacturer or its service provider.
A5: How to use: The "fielddefinitions" tab is an overview of the minimum mandatory data attributes used across the Healthcare sector. The last columns show the mandatory/optional requirements per country whom have joined the ECHO collaboration. Each country-specific tab of the excel contains country specific information which varies from the basic data in the "fielddefinitions" tab.
A6: Date | B6: Version | C6: By | D6: Changes
A7: 42489 | B7: 1.0 | C7: Reinier Prenger | D7: Initial document, suited for GDSN version 3.1.1.
A8: 42550 | B8: 1.1 | C8: Reinier Prenger | D8: Updated according the new GUDID Listing - 20160510 v25: - added a new column GDSN notes - FDA descriptions and FDA Data Entry Notes changed accordingly - Device description from GDSN tradeItemDescription to GDSN additionalTradeItemDescription (Field-ID 1.024) - Consumer sales condition code for 2 FDA attributes (Prescription Use (Rx) added) (Field-ID 1.040) - Next to a telephone number an email address is added (Field-ID 1.049-5)
A9: 42612 | B9: 1.2 | C9: Reinier Prenger | D9: Added the following fields: - Quantity of Trade Items Contained In A Complete Layer - Quantity of Complete Layers Contained In A Trade Item - Quantity Of Trade Items Per Pallet - Quantity Of Layers Per Pallet - Quantity Of Trade Items Per Pallet Layer - Additional Trade Item Classification Code Value (NHS eClass) - Additional Trade Item Classification System Code (NHS eClass) Also the consistency check macro reactivated.
A10: 42690 | B10: 2.0 | C10: Amanda deLaroque | D10: Changed the format to allow sorting per country and added coutry-specific tabs for country specific information.
D11: Added te following fields to comply with the German market requirements: - Additional Trade Item Classification Code Description - Additional Trade Item Classification Version - Additional Trade Item Classification Property - Additional Trade Item Classification Property Code - Additional Trade Item Classification Property Description - Property Amount - Property Code - Property Date Time - Property Description - Property Description - Language Code - Property Float - Property Integer - Property Measurement - Property Measurement Unit Code - Property String - Is Trade Item Marked As Recyclable - Order Quantity Maximum - Order Sizing Factor - Platform Type Code - Platform Terms And Conditions Code - Import Classification Type Code - Import Classification Value - Handling Instructions Code Reference - Trade Item Form Description - Non Marked Trade Item Components - Trade Item Description - Ordering Lead Time - Ordering Lead Time UoM
D12: Update the specifications for UK NHS based on Medical Devices - Item Attribute v1.2 DoT Workshop Summary v0.1.xlsx Moved Trade Item Description and code to 1.027
